 Dungeon Crawl Stone Soup version 0.29.1-1-gd02db6906a (webtiles) character file.

Game seed: 7336146016779424260

2 Ashen the Chiller (level 1, 0/13 HPs)
             Began as a Demonspawn Ice Elementalist on Oct 21, 2022.
             Slain by a kobold
             ... wielding a +0 dagger
              (2 damage)
             ... on level 1 of the Dungeon.
             The game lasted 00:00:23 (60 turns).

Ashen the Chiller (Demonspawn Ice Elementalist)       Turns: 60, Time: 00:00:24

Health: 0/13       AC:  2    Str:  8    XL:     1   Next: 33%
Magic:  1/3        EV: 12    Int: 16    God:
Gold:   12         SH:  0    Dex: 13    Spells: 3/4 levels left

rFire   . . .      SeeInvis .   (no weapon)
rCold   . . .      Faith    .   (no shield)
rNeg    . . .      Spirit   .   a - +0 robe
rPois   .          Reflect  .   (no helmet)
rElec   .          Harm     .   (no cloak)
rCorr   .          Rampage  .   (no gloves)
Will    .....                   (no boots)
Stlth   ++........              (no amulet)
HPRegen 0.04/turn               (no ring)
MPRegen 0.08/turn               (no ring)

@: no status effects
A: no striking features
a: no special abilities


You were on level 1 of the Dungeon.
You visited 1 branch of the dungeon, and saw 1 of its levels.

You collected 12 gold pieces.

Inventory:

Armour
 a - a +0 robe (worn)
Potions
 c - a potion of ambrosia {unknown}


   Skills:
 + Level 1.8 Dodging
 + Level 1.8 Stealth
 + Level 2.0 Spellcasting
 + Level 3.6 Ice Magic


You had 3 spell levels left.
You knew the following spells:

 Your Spells              Type           Power      Damage    Failure   Level
a - Freeze                Ice            52%        1d7       4%          1

Your spell library contained the following spells:

 Spells                   Type           Power      Damage    Failure   Level
 Frozen Ramparts          Ice            26%        1d4       14%         3
 Ozocubu's Armour         Ice            13%        N/A       14%         3
 Hailstorm                Conj/Ice       7%         3d4       67%         4


Dungeon Overview and Level Annotations

Branches:
Dungeon (1/15)

Altars:


Message History

The hobgoblin is almost dead.
The hobgoblin closely misses you.
You barely miss the hobgoblin.
The hobgoblin is almost dead.
The hobgoblin hits you.
* * * LOW HITPOINT WARNING * * *
Unknown command.
Casting: Freeze (safe; 4% risk of failure)
Confirm with . or Enter, or press ? or * to list all spells.
Aiming: Freeze (safe; 4% risk of failure)
Press: ? - help, Shift-Dir - straight line, f/p - hobgoblin
Aim: a hobgoblin (almost dead)
You freeze the hobgoblin.
You kill the hobgoblin!
You barely miss the rat. The rat bites you but does no damage.
You hit the rat but do no damage. The rat barely misses you.
You hit the rat but do no damage. The rat barely misses you.
You hit the rat but do no damage. The rat bites you but does no damage.
You hit the rat but do no damage. The rat misses you.
You barely miss the rat. The rat bites you but does no damage.
You hit the rat but do no damage. The rat barely misses you.
Magic courses through your body.
The rat twitches its whiskers.
The rat misses you.
Casting: Freeze (safe; 4% risk of failure)
Confirm with . or Enter, or press ? or * to list all spells.
Aiming: Freeze (safe; 4% risk of failure)
Press: ? - help, Shift-Dir - straight line, f - rat
Aim: a rat You freeze the rat.
You kill the rat!
Casting: Freeze (safe; 4% risk of failure)
Confirm with . or Enter, or press ? or * to list all spells.
Aiming: Freeze (safe; 4% risk of failure)
Press: ? - help, Shift-Dir - straight line, f - kobold
Aim: a kobold, wielding a +0 dagger and quivering stones You freeze the kobold.
The kobold is heavily wounded.
The kobold hits you with a +0 dagger.
You die...

#...# #.#.# #...#
#.#.####. #.#.#
#?..).... #...##
#..r..... ##...#
#..$..... ##..#
#r..).B.. ##.#
#........ #@#
#.g..?...
###K#####........
#.....rgK........
#.#.#########..##
#.#.. .# . ####
.# .# #.


You could see a kobold.

Vanquished Creatures
  A hobgoblin (D:1)
  2 rats (D:1)
3 creatures vanquished.

Notes
Turn   | Place    | Note
-------+----------+-------------------------------------------
     0 | D:1      | Ashen the Demonspawn Ice Elementalist began the quest for
                  | the Orb.
     0 | D:1      | Reached XP level 1. HP: 13/13 MP: 3/3
    60 | D:1      | Slain by a kobold

Illustrated notes

Levels and vault maps discovered:
D:1:      lemuel_arrival_hallway, layout_loops_ring

Action                   || total
-------------------------++-------
Melee: Unarmed           ||    18
 Cast: Freeze            ||     5
  Use: Potion            ||     1
Armor: Robe              ||     3
Dodge: Dodged            ||    15
